 Dungeon Crawl Stone Soup version 0.21.1-1-g345015f (webtiles) character file.

196 Mirai the Conjurer (level 5, 0/38 HPs)
             Began as a Draconian Conjurer on Mar 13, 2018.
             Slain by a hippogriff (8 damage)
             ... on level 8 of the Dungeon.
             The game lasted 00:07:55 (3963 turns).

Mirai the Conjurer (Draconian Conjurer)             Turns: 3963, Time: 00:07:56

Health: 0/38       AC:  6    Str: 10    XL:     5   Next: 46%
Magic:  1/9        EV: 12    Int: 16    God:
Gold:   172        SH:  0    Dex: 12    Spells: 3/10 levels left

rFire    . . .     SeeInvis .   d - +0 short sword (drain)
rCold    . . .     Gourm    .   (no shield)
rNeg     . . .     Faith    .   (armour unavailable)
rPois    .         Spirit   .   (helmet restricted)
rElec    .         Reflect  .   (no cloak)
rCorr    .         Harm     .   e - +0 pair of gloves
MR       .....                  (no boots)
Stlth    ++........             (no amulet)
HPRegen  0.12/turn              (no ring)
MPRegen  0.11/turn              (no ring)

@: drained
A: unfitting armour, cold-blooded, AC +5
a: no special abilities


You were on level 8 of the Dungeon.
You were very hungry.

You visited 1 branch of the dungeon, and saw 6 of its levels.

You collected 172 gold pieces.

Inventory:

Hand Weapons
 d - a +0 short sword of draining (weapon)
Armour
 e - a +0 pair of gloves (worn)
Scrolls
 c - 2 scrolls of enchant armour {unknown}
 f - 3 scrolls of fog {unknown}
 h - 3 scrolls of remove curse {unknown}
 i - 3 scrolls of teleportation {unknown}
 m - 6 scrolls of identify {unknown}
 p - a scroll of magic mapping {unknown}
 q - a scroll of blinking {unknown}
 r - a scroll of fear {unknown}
Potions
 g - a potion of resistance {unknown}
 j - a potion of lignification {unknown}
 k - 2 potions of heal wounds {unknown}
 n - 3 potions of curing {unknown}
 o - a potion of flight {unknown}
Books
 a - a book of Conjurations

   Spells                             Type                      Level
   a - Magic Dart                     Conjuration                  1
   b - Searing Ray                    Conjuration                  2
   c - Dazzling Spray                 Conjuration/Hexes            3
   d - Fulminant Prism                Conjuration/Hexes            4
   e - Force Lance                    Conjuration/Translocation    4
   f - Iskenderun's Mystic Blast      Conjuration                  4
Comestibles
 b - 7 rations


   Skills:
 - Level 1.9(1.0) Short Blades
 + Level 3.1(2.1) Dodging
 + Level 2.6(1.6) Stealth
 * Level 3.2(2.2) Spellcasting
 + Level 4.4(3.4) Conjurations


You had 3 spell levels left.
You knew the following spells:

 Your Spells              Type           Power        Failure   Level  Hunger
a - Magic Dart            Conj           ##..         4%          1    #......
b - Searing Ray           Conj           ##....       8%          2    ###....
c - Iskenderun's Mystic   Conj           ##......     45%         4    #####..


Dungeon Overview and Level Annotations

Branches:
Dungeon (8/15)
 Temple: D:4-7         Lair: D:8-11

Altars:
Elyvilon
Qazlal
Sif Muna


Innate Abilities, Weirdness & Mutations

Your plain brown scales are hard. (AC +5)
You cannot fit into any form of body armour.
You are cold-blooded and may be slowed by cold attacks.


Message History

The hippogriff claws you but does no damage.
Unknown command.
You hit the hippogriff.
The hippogriff is severely wounded.
The hippogriff bites you!
* * * LOW HITPOINT WARNING * * *
The hippogriff pecks you but does no damage.
The hippogriff closely misses you.
Unknown command.
You completely miss the hippogriff.
You tail-slap the hippogriff, but do no damage.
The hippogriff is severely wounded.
The hippogriff bites you.
* * * LOW HITPOINT WARNING * * *
The hippogriff pecks you but does no damage.
The hippogriff closely misses you.
You hit the hippogriff.
The hippogriff is severely wounded.
The hippogriff barely misses you. x2; The hippogriff claws you!
You die...

#.#.....#...##.#
#...._.....###
###.....#....#
#....ยง#.##.#
###.###.# .# #..
#.# # ##.##.##.#
#.......#
#..@....#
#.##H##.# #. #.#
.# # #.. . ###.
# #. .. ..


You could see a hippogriff.

Vanquished Creatures
  A hound (D:2)
  An iguana (D:4)
  4 adders
  A worm (D:3)
  4 leopard geckos
  4 orcs
  3 bats
  4 giant cockroaches
  4 goblins
  20 hobgoblins
  14 jackals
  A quokka (D:3)
  A ball python (D:1)
  10 frilled lizards
  6 kobolds
  7 rats
85 creatures vanquished.

Notes
Turn   | Place    | Note
-------+----------+-------------------------------------------
     0 | D:1      | Mirai the Draconian Conjurer began the quest for the Orb.
     0 | D:1      | Reached XP level 1. HP: 14/14 MP: 3/3
   552 | D:1      | Reached XP level 2. HP: 4/20 MP: 5/5
  1242 | D:1      | Reached XP level 3. HP: 15/26 MP: 6/6
  1875 | D:2      | Reached skill level 1 in Short Blades
  1875 | D:2      | Reached XP level 4. HP: 24/33 MP: 6/8
  2537 | D:3      | Learned a level 2 spell: Searing Ray
  2543 | D:3      | Learned a level 4 spell: Iskenderun's Mystic Blast
  2643 | D:3      | Reached XP level 5. HP: 27/38 MP: 9/9
  3057 | D:3      | Found a deep blue altar of Sif Muna.
  3588 | D:4      | Found a white marble altar of Elyvilon.
  3933 | D:5      | Entered Level 5 of the Dungeon
  3934 | D:5      | You fall through a shaft for 3 floors!
  3936 | D:8      | Found a stormy altar of Qazlal.
  3948 | D:8      | Noticed a hippogriff
  3963 | D:8      | Slain by a hippogriff

Skill      XL: |  1  2  3  4  5 |
---------------+----------------+-----
Stealth        | 2 |  2.6
Dodging        | 2 3 |  3.1
Short Blades   | 1 |  1.9
Spellcasting   | 3 |  3.2
Conjurations   | |  4.4

Action                   |  1- 3 |  4- 6 || total
-------------------------+-------+-------++-------
Melee: Short sword       |   117 |   155 ||   272
       Unarmed           |    13 |       ||    13
       Tailslap          |     9 |     9 ||    18
 Cast: Magic Dart        |     6 |       ||     6
       Searing Ray       |       |     2 ||     2
 Stab: Sleeping          |     3 |     1 ||     4
  Eat: Chunk             |     3 |     6 ||     9
Armor: Skin              |    34 |    75 ||   109
Dodge: Dodged            |    79 |   139 ||   218
